 Dungeon Crawl Stone Soup version 0.20-a0-553-g9f38e11 (webtiles) character file.

121 drasked the Magician (level 4, -4/24 HPs)
             Began as a Deep Elf Ice Elementalist on Feb 3, 2017.
             Slain by Grinder (6 damage)
             ... on level 3 of the Dungeon.
             The game lasted 00:07:52 (3276 turns).

drasked the Magician (Deep Elf Ice Elementalist)    Turns: 3276, Time: 00:07:53

Health: -4/24      AC:  2    Str:  5    XL:     4   Next: 76%
Magic:  1/13       EV: 13    Int: 21    God:
Gold:   106        SH:  0    Dex: 15    Spells: 4/13 levels left

rFire    . . .     SeeInvis .   f - +0 dagger
rCold    . . .     Gourm    .   a - +0 robe
rNeg     . . .     Faith    .   (no shield)
rPois    .         Spirit   .   (no helmet)
rElec    .         Reflect  .   (no cloak)
rCorr    .         Harm     .   (no gloves)
MR       .....                  (no boots)
Stlth    ++........             (no amulet)
Regen    0.1/turn               (no ring)
                                (no ring)

@: very slightly contaminated
A: no striking features
a: no special abilities


You were on level 3 of the Dungeon.
You were hungry.

You visited 1 branch of the dungeon, and saw 3 of its levels.

You collected 106 gold pieces.

Inventory:

Hand Weapons
 f - a +0 dagger (weapon)
   (You took it off a goblin on level 1 of the Dungeon)
Armour
 a - a +0 robe (worn)
Jewellery
 e - an uncursed ring of fire {unknown}
   (You found it on level 1 of the Dungeon)
 l - an uncursed amulet of the gourmand {unknown}
   (You found it on level 1 of the Dungeon)
Wands
 r - a wand of paralysis (3/24)
   (You found it on level 3 of the Dungeon)
Scrolls
 g - a scroll of random uselessness {unknown}
 i - 7 scrolls of identify {unknown}
 j - 2 scrolls of remove curse {unknown}
 k - a scroll of enchant weapon {unknown}
 m - 4 scrolls of fear {unknown}
 p - 2 scrolls of teleportation {unknown}
 v - 6 scrolls of fog {unknown}
 x - a scroll of immolation {unknown}
Potions
 d - a potion of berserk rage {unknown}
 h - 2 potions of agility {unknown}
 n - 2 potions of resistance {unknown}
 o - a potion of haste {unknown}
 q - a potion of might {unknown}
 s - 2 potions of brilliance {unknown}
 t - a potion of heal wounds {unknown}
 u - 3 potions of curing {unknown}
Books
 b - a book of Frost
Comestibles
 c - a bread ration {@e1}
 w - a royal jelly
 z - a chunk of flesh {@w0}


   Skills:
 - Level 2.4 Dodging
 - Level 2.4 Stealth
 + Level 5.2 Spellcasting
 - Level 1.1 Conjurations
 + Level 4.9 Ice Magic


You had 4 spell levels left.
You knew the following spells:

 Your Spells              Type           Power        Failure   Level  Hunger
a - Freeze                Ice            ####         1%          1    None
b - Summon Ice Beast      Ice/Summ       ###.....     41%         4    ####...
x - Throw Icicle          Conj/Ice       ###.....     34%         4    ####...


Dungeon Overview and Level Annotations

Branches:
Dungeon (3/15)

Altars:

Annotations:
D:2 Ijyb
D:3 Grinder, Natasha


Message History

You regained 2 hp, and now have 14/24 hp.
You regained 3 mp, and now have 9/13 mp.
You start resting.
You are feeling very hungry.
You regained 2 mp, and now have 11/13 mp.
There isn't anything to butcher here.
You start resting.
Health restored: 24; MP restored: 13 You may need something to eat soon, looking for food.
Can't find anything matching that.
Sorry, you're not good enough to have a special ability.
There is an open door here.
u - 3 silvery potions (gained 1) Partly explored, can't reach some places.
Partly explored, can't reach some places.
(D) Dungeon
Where to? (Enter - D:2, ? - help)
There is an open door here.
There is an open door here.
There is a stone staircase leading down here.
You climb downwards.
Level annotation: Grinder, Natasha
There is a stone staircase leading up here.
You may need something to eat soon, looking for food.
Can't find anything matching that.
Sorry, you're not good enough to have a special ability.
v - 6 scrolls labeled SUTITA BEIM (gained 2)
You are near starving!
w - a royal jelly
There is an open door here.
The worm is too close now for your liking.
Unknown command.
Aim: a worm You freeze the worm.
The worm misses you.
You now have 12/13 mp.
Aim: a worm (moderately wounded)
You freeze the worm.
You now have 11/13 mp.
Aim: a worm (almost dead)
You freeze the worm. The worm bites you!
You take 9 damage, and have 15/24 hp.
MASSIVE DAMAGE!!
You now have 10/13 mp.
Aim: a worm (almost dead)
You freeze the worm.
You kill the worm!
You now have 9/13 mp.
You see here a worm corpse.
You butcher the worm corpse.
z - 3 chunks of flesh {@w0} Autoeating chunks.
Eating one of 3 chunks of flesh {@w0}.
You eat one of the 3 chunks of flesh {@w0}.
You are feeling hungry.
Autoeating chunks.
Eating one of 2 chunks of flesh {@w0}.
You eat one of the 2 chunks of flesh {@w0}.
You start resting.
Health restored: 24; MP restored: 13
i - 6 scrolls labeled QOFY EGECOSH (gained 1)
Found an escape hatch in the ceiling.
i - 7 scrolls labeled QOFY EGECOSH (gained 1) Grinder is too close now for your liking.
There is an open door here.
You can't see any susceptible monsters within range! (Use Z to cast anyway.)
Aim: Grinder You miscast Throw Icicle.
You are very lightly contaminated with residual magic.
Nothing appears to happen.
You now have 9/13 mp.
You miscast Summon Ice Beast.
Wisps of condensation drift from your hands.
You now have 5/13 mp.
A chill wind blows around you.
You are feeling hungry.
Grinder hits you!
You writhe in agony.
You take 14 damage, and have 10/24 hp.
MASSIVE DAMAGE!!
You now have 1/13 mp.
You swap places.
Grinder hits your ice beast.
Your ice beast writhes in agony.
Your ice beast hits Grinder but does no damage.
Grinder closely misses your ice beast.
Your ice beast hits Grinder but does no damage.
Grinder hits your ice beast.
Your ice beast writhes in agony.
Your ice beast closely misses Grinder.
Grinder hits your ice beast!
Your ice beast writhes in agony.
Your ice beast hits Grinder but does no damage.
Grinder hits your ice beast.
Your ice beast writhes in agony.
Your ice beast dies!
Grinder gestures at you. Pain shoots through your body!
You take 2 damage, and have 8/24 hp.
Grinder hits you.
You writhe in agony.
* * * LOW HITPOINT WARNING * * *
There is an open door here.
You take 6 damage, and have 2/24 hp.
MASSIVE DAMAGE!!
Aim: Grinder You freeze Grinder.
Grinder resists.
Grinder hits you.
You die...

##.#.##.#.....## #...#
##..#.##........## ##.#.#
#####................####....#
.....................'.......#
###.......##.........####....#
#.##.######.......## ##.#<#
#.#### ##.....## ###.# #.#
##...## #.# #.# ##@## #.# #.#
#5# #.# #.# #.# #.# #.# #.#
... #.# ... ... ##.##


You could see Grinder.

Vanquished Creatures
  Terence (D:2)
  4 adders
  3 worms
  2 leopard geckos (D:1)
  2 giant cockroaches
  8 goblins
  8 hobgoblins
  8 bats
  4 frilled lizards
  9 kobolds
  3 rats
52 creatures vanquished.

Notes
Turn   | Place    | Note
-------+----------+-------------------------------------------
     0 | D:1      | drasked the Deep Elf Ice Elementalist began the quest for the Orb.
     0 | D:1      | Reached XP level 1. HP: 10/10 MP: 6/6
   653 | D:1      | Reached XP level 2. HP: 9/15 MP: 5/8
  1003 | D:1      | Reached skill level 4 in Spellcasting
  1293 | D:1      | Reached skill level 4 in Ice Magic
  1293 | D:1      | Reached XP level 3. HP: 18/19 MP: 8/10
  1525 | D:2      | Noticed Terence
  1722 | D:2      | You fall through a shaft!
  1737 | D:3      | Noticed Natasha
  1745 | D:3      | Noticed Grinder
  2319 | D:2      | Reached XP level 4. HP: 24/24 MP: 9/12
  2325 | D:2      | Learned a level 4 spell: Throw Icicle
  2330 | D:2      | Learned a level 4 spell: Summon Ice Beast
  2484 | D:2      | Noticed Ijyb
  2626 | D:2      | Reached skill level 5 in Spellcasting
  2880 | D:2      | Killed Terence
  3275 | D:3      | HP: 2/24 [Grinder (6)]
  3276 | D:3      | Slain by Grinder

Vault maps used:
D:1:      lemuel_arrival_room, nrook_loot_triangle
D:2:      uniq_crazy_yiuf_cottage, uniq_terence, uniq_iyjb
D:3:      minmay_roachtagon, old_standard_altar, uniq_grinder, uniq_natasha

Skill      XL: |  1  2  3  4 |
---------------+-------------+-----
Spellcasting   | 4 5 |  5.2
Ice Magic      | 4 |  4.9
Dodging        | |  2.4
Stealth        | |  2.4
Conjurations   | |  1.1

Action                   |  1- 3 |  4- 6 || total
-------------------------+-------+-------++-------
Melee: Dagger            |    11 |       ||    11
 Cast: Freeze            |    60 |    17 ||    77
       Summon Ice Beast  |       |     1 ||     1
 Stab: Sleeping          |     5 |       ||     5
  Eat: Chunk             |     4 |     3 ||     7
Armor: Robe              |     7 |     1 ||     8
Dodge: Dodged            |    38 |    10 ||    48

Vault maps used:
D:1:      lemuel_arrival_room, nrook_loot_triangle
D:2:      uniq_crazy_yiuf_cottage, uniq_terence, uniq_iyjb
D:3:      minmay_roachtagon, old_standard_altar, uniq_grinder, uniq_natasha

Table legend:
 A = Turns spent in this place as a percentage of turns spent in the entire game.
 B = Non-inter-level travel turns spent in this place as a percentage of non-inter-level travel turns spent in the entire game.
 C = Inter-level travel turns spent in this place as a percentage of turns spent in this place.
 D = Turns resting spent in this place as a percentage of non-inter-level travel turns spent in this place.
 E = Turns spent auto-exploring this place as a percentage of non-inter-level travel turns spent in this place.
 F = Non-inter-level travel turns spent in this place divided by the number of levels of this place that you've seen.
                   A       B       C       D       E      F
               +-------+-------+-------+-------+-------+----------------------
         Total | 100.0 | 100.0 |   0.3 |   1.8 |   9.5 | 297.3
       Dungeon | 100.0 | 100.0 |   0.3 |   1.8 |   9.5 | 297.3
               +-------+-------+-------+-------+-------+----------------------

Table legend:
 A = Kills in this place as a percentage of kills in entire the game.
 B = Kills by you in this place as a percentage of kills by you in the entire game.
 C = Kills by friends in this place as a percentage of kills by friends in the entire game.
 D = Other kills in this place as a percentage of other kills in the entire game.
 E = Experience gained in this place as a percentage of experience gained in the entire game.
 F = Experience gained in this place divided by the number of levels of this place that you have seen.
                   A       B       C       D       E      F
               +-------+-------+-------+-------+-------+----------------------
         Total | 100.0 | 100.0 |  -nan |  -nan | 100.0 |  57.7
       Dungeon | 100.0 | 100.0 |  -nan |  -nan | 100.0 |  57.7
               +-------+-------+-------+-------+-------+----------------------
